 Dungeon Crawl Stone Soup version 0.25-a0-317-g5f8687bca5 (webtiles) character file.

Game seed: 15104915198941745041, levelgen mode: classic

1134 Borgoz the Covered (level 8, -2/49 HPs)
             Began as a Gargoyle Fighter on Dec 25, 2019.
             Slain by an orc warrior
             ... wielding a +0 trident
              (5 damage)
             ... on level 6 of the Dungeon.
             The game lasted 00:08:26 (4327 turns).

Borgoz the Covered (Gargoyle Fighter)               Turns: 4327, Time: 00:08:26

Health: -2/49      AC: 18    Str: 21    XL:     8   Next: 36%
Magic:  8/8        EV: 13    Int:  8    God:
Gold:   321        SH: 10    Dex: 11    Spells: 7/7 levels left

rFire    . . .     SeeInvis .   a - +0 flail
rCold    . . .     Gourm    .   c - +0 shield
rNeg     + . .     Faith    .   v - +0 scale mail
rPois    ∞         Spirit   .   k - +0 helmet
rElec    +         Reflect  .   t - scarf {cloud immunity}
rCorr    .         Harm     .   (no gloves)
MR       .....                  b - +0 pair of boots
Stlth    ..........             r - amulet of regeneration
HPRegen  0.56/turn              s - +3 ring of protection
MPRegen  0.11/turn              x - +4 ring of evasion

@: no status effects
A: negative energy resistance 1, electricity resistance, unbreathing,
petrification resistance, rot immunity, AC +5
a: no special abilities


You were on level 6 of the Dungeon.
You were near starving.

You visited 1 branch of the dungeon, and saw 6 of its levels.

You collected 321 gold pieces.

Inventory:

Hand Weapons
 a - a +0 flail (weapon)
Armour
 b - a +0 pair of boots (worn)
 c - a +0 shield (worn)
 k - a +0 helmet (worn)
 t - a scarf of cloud immunity (worn)
 v - a +0 scale mail (worn)
Jewellery
 n - an uncursed amulet of the acrobat {unknown}
 q - a +4 amulet of reflection
 r - an amulet of regeneration (around neck)
 s - a +3 ring of protection (left hand)
 x - a +4 ring of evasion (right hand)
Scrolls
 e - 6 scrolls of teleportation
 g - a scroll of random uselessness {unknown}
 h - 3 scrolls of remove curse
 l - 2 scrolls of blinking {unknown}
 o - a scroll of enchant armour
 u - a scroll of identify
Potions
 d - a potion of might
 i - 3 potions of cancellation
 j - a potion of flight
 m - a potion of curing
 p - a potion of agility
 w - a potion of lignification
 z - a potion of heal wounds {unknown}
Comestibles
 f - 10 rations


   Skills:
 + Level 5.1 Fighting
 * Level 5.5 Maces & Flails
 * Level 6.5 Armour
 + Level 2.6 Dodging
 - Level 5.0 Shields


You had 7 spell levels left.
You didn't know any spells.
Your spell library was empty.

Dungeon Overview and Level Annotations

Branches:
Dungeon (6/15)
 Temple: D:4-7

Altars:
Cheibriados
Dithmenos
Elyvilon
Qazlal
Yredelemnul

Shops:
D:4 :


Innate Abilities, Weirdness & Mutations

You are resistant to torment.
Your stone body is resilient. (AC +5)
You are immune to poison.
You resist negative energy. (rN+)
You are resistant to electric shocks. (rElec)
You can survive without breathing.
You are immune to petrification.
You are immune to rotting.


Message History

You block the orc warrior's attack.
Your scale mail prevents you from hitting the orc warrior.
The orc warrior is severely wounded.
The orc warrior hits you but does no damage.
Your shield and scale mail prevent you from hitting the orc warrior.
The orc warrior is severely wounded.
The orc warrior misses you.
Your shield and scale mail prevent you from hitting the orc warrior.
The orc warrior is heavily wounded.
The orc warrior hits you with a +0 trident!
* * * LOW HITPOINT WARNING * * *
You hit the orc warrior.
The orc warrior is almost dead.
You block the orc warrior's attack.
You hit the orc warrior but do no damage.
The orc warrior is almost dead.
The orc warrior hits you with a +0 trident.
* * * LOW HITPOINT WARNING * * *
The orc warrior hits you with a +0 trident.
You die...

..##....## .#
.........##.##
.............#
.............###
................#
.................#
$$........<.....##
......$...........
#.........@..#(...
..........o.## ...
............####..
.................
......(..##......
..........#.#....
......)†..#.#..##
......#.........#
.................


You could see an orc warrior.

Vanquished Creatures
  A sky beast (D:5)
  An ice beast (D:5)
  An ogre (D:6)
  A phantom (D:3)
  A bullfrog (D:6)
  A scorpion (D:4)
  A howler monkey (D:5)
  A crimson imp (D:5)
  A hound (D:6)
  5 orc wizards
  A bullfrog zombie (D:2)
  An orc priest (D:5)
  A bullfrog skeleton (D:5)
  An iguana (D:5)
  2 worker ants
  A hound zombie (D:6)
  4 gnolls (D:2)
  6 adders
  2 shadow imps (D:5)
  3 oozes
  2 worms
  3 dart slugs
  2 leopard geckos
  14 orcs
  A ball python (D:2)
  10 giant cockroaches
  12 goblins
  7 hobgoblins
  5 jackals
  3 quokkas
  8 bats
  6 frilled lizards
  9 kobolds
  A leopard gecko skeleton (D:5)
  7 rats
126 creatures vanquished.

Vanquished Creatures (others)
  A quokka (D:5)
1 creature vanquished.

Grand Total: 127 creatures vanquished

Notes
Turn   | Place    | Note
-------+----------+-------------------------------------------
     0 | D:1      | Borgoz the Gargoyle Fighter began the quest for the Orb.
     0 | D:1      | Reached XP level 1. HP: 14/14 MP: 1/1
    74 | D:1      | Reached XP level 2. HP: 19/19 MP: 2/2
   329 | D:1      | Reached XP level 3. HP: 22/23 MP: 3/3
   885 | D:2      | Found a stormy altar of Qazlal.
   966 | D:2      | Reached skill level 4 in Armour
   966 | D:2      | Reached XP level 4. HP: 25/29 MP: 4/4
  1033 | D:2      | Reached skill level 1 in Dodging
  1107 | D:2      | Found a shadowy altar of Dithmenos.
  1134 | D:2      | Reached XP level 5. HP: 33/33 MP: 5/5
  1921 | D:3      | Noticed a phantom
  1925 | D:3      | Reached XP level 6. HP: 38/38 MP: 6/6
  2047 | D:3      | Killed a phantom
  2047 | D:3      | Reached skill level 5 in Armour
  2745 | D:4      | Reached XP level 7. HP: 42/44 MP: 7/7
  2785 | D:4      | Found a basalt altar of Yredelemnul.
  3362 | D:4      | Found Qymifom's Book Boutique.
  3552 | D:5      | Entered Level 5 of the Dungeon
  3756 | D:5      | Reached skill level 5 in Maces & Flails
  3756 | D:5      | Reached skill level 6 in Armour
  3756 | D:5      | Reached XP level 8. HP: 45/48 MP: 8/8
  3866 | D:5      | Found a white marble altar of Elyvilon.
  3980 | D:5      | Found a snail-covered altar of Cheibriados.
  4181 | D:6      | Reached skill level 5 in Shields
  4193 | D:6      | Reached skill level 5 in Fighting
  4327 | D:6      | Slain by an orc warrior

Levels and vault maps discovered:
D:1:      denvon_arrival_waterhouse, layout_basic, minmay_tall_x
D:2:      layout_loops_ring, nicolae_dithmenos_through_a_glass_darkly,
          first_ration, nicolae_qazlal_eye_of_the_storm
D:3:      layout_loops_ring, serial_glass, glass_columns_c, glass_columns_a,
          chequers_serial_rivers_large_a
D:4:      layout_basic, kennysheep_mini_moat, serial_shops, shop
D:5:      layout_rooms, nicolae_overflow_hidden_temple, elyvilon_altar_4,
          minmay_crossroads
D:6:      layout_cave_pools, kennysheep_little_box, nicolae_gozag_seed_capital,
          lemuel_zombie_altar_kikubaaqudgha, nicolae_ru_sacrificial_ziggurat,
          serial_shops, nicolae_shop_temple_entry_statues_fountains, shop, shop

Skill      XL: |  1  2  3  4  5  6  7  8 |
---------------+-------------------------+-----
Armour         | 4 5 6 |  6.5
Dodging        | 1 2 |  2.6
Maces & Flails | 3 4 5 |  5.5
Fighting       | 4 5 |  5.1
Shields        | 4 5 |  5.0

Action                   |  1- 3 |  4- 6 |  7- 9 || total
-------------------------+-------+-------+-------++-------
Melee: Flail             |   141 |   324 |   199 ||   664
  Use: Scroll            |       |     6 |     2 ||     8
       Potion            |       |       |     5 ||     5
  Eat: Chunk             |     1 |     6 |     4 ||    11
Armor: Scale mail        |    61 |       |    20 ||    81
       Ring mail         |    12 |   187 |    50 ||   249
       Skin              |       |       |   182 ||   182
Dodge: Dodged            |    44 |   138 |    83 ||   265
Block: Shield            |    64 |   174 |   168 ||   406

Table legend:
 A = Non-vault XP
 B = Vault XP
 C = Vault XP percentage of total XP
 D = Non-vault monster count
 E = Vault monster count
 F = Vault count percentage of total count
                 A         B        C        D         E       F
            +---------+---------+-------+---------+---------+-------
      Total |    1615 |       6 |   0.4 |     122 |       4 |   3.2
            +---------+---------+-------+---------+---------+-------
        D:1 |      31 |       6 |  16.2 |      17 |       4 |  19.0
        D:2 |     166 |       0 |   0.0 |      30 |       0 |   0.0
        D:3 |     315 |       0 |   0.0 |      41 |       0 |   0.0
        D:4 |     198 |       0 |   0.0 |      10 |       0 |   0.0
        D:5 |     572 |       0 |   0.0 |      16 |       0 |   0.0
        D:6 |     333 |       0 |   0.0 |       8 |       0 |   0.0
            +---------+---------+-------+---------+---------+-------
